 Dungeon Crawl Stone Soup version 0.25-a0-287-g56a5b49892 (webtiles) character file.

Game seed: 1425350925880189735, levelgen mode: deterministic

0 Esekla the Ducker (level 1, 0/13 HPs)
             Began as a Deep Elf Abyssal Knight on Dec 12, 2019.
             Was a Follower of Lugonu.
             Slain by a quasit (2 damage)
             ... on level 1 of the Dungeon.
             The game lasted 00:01:50 (149 turns).

Esekla the Ducker (Deep Elf Abyssal Knight)          Turns: 149, Time: 00:01:51

Health: 0/13       AC:  3    Str:  9      XL:     1   Next: 0%
Magic:  4/4        EV: 12    Int: 16      God:    Lugonu [*.....]
Gold:   10         SH:  0    Dex: 11 (14) Spells: 0/0 levels left

rFire    . . .     SeeInvis .   a - +1 falchion
rCold    . . .     Gourm    .   (no shield)
rNeg     . . .     Faith    .   b - +0 leather armour
rPois    .         Spirit   .   (no helmet)
rElec    .         Reflect  .   (no cloak)
rCorr    .         Harm     .   (no gloves)
MR       .....                  (no boots)
Stlth    +.........             (no amulet)
HPRegen  0.04/turn              (no ring)
MPRegen  0.09/turn              (no ring)

@: no status effects
A: no striking features
a: Depart the Abyss, Renounce Religion


You were on level 1 of the Dungeon.
You worshipped Lugonu.
Lugonu was aware of your devotion.
You were not hungry.

You visited 1 branch of the dungeon, and saw 1 of its levels.
You visited the Abyss 1 time.

You collected 10 gold pieces.

Inventory:

Hand Weapons
 a - a +1 falchion (weapon)
Armour
 b - a +0 leather armour (worn)
Scrolls
 d - a scroll of identify {unknown}
Comestibles
 c - a ration


   Skills:
 + Level 2.4 Fighting
 * Level 1.7 Long Blades
 + Level 0.7 Armour
 + Level 2.4 Dodging
 + Level 2.0 Invocations


You couldn't memorise any spells.
You didn't know any spells.
Your spell library was empty.

Dungeon Overview and Level Annotations

Branches:
Dungeon (1/15)

Altars:


Message History

The quasit barely misses you. x2; The quasit misses you.
The kobold throws a stone.
The stone closely misses you.
You closely miss the quasit.
The quasit bites you but does no damage.
The quasit claws you but does no damage. x2
The quasit closely misses you.
You riposte.
You barely miss the quasit.
The quasit claws you but does no damage.
The quasit closely misses you.
The kobold throws a stone.
The stone misses you.
You hit the quasit but do no damage. The quasit closely misses you.
The quasit claws you.
You feel clumsy. The quasit claws you.
You feel clumsy. The quasit closely misses you.
You riposte.
You miss the quasit. The quasit barely misses you. The quasit claws you.
* * * LOW HITPOINT WARNING * * *
Are you sure you want to leave the Dungeon?
This will make you lose the game!
The kobold throws a stone.
The stone hits you but does no damage. The quasit bites you.
You die...

...
..%###++#####
..8.......≈≈##
#.≈≈≈≈≈≈..≈≈#
#≈≈≈...≈≈..≈#
#≈≈..≈..≈≈.≈#
#≈..≈≈≈.≈≈.≈#
#≈.≈≈$@5≈≈.≈#
#≈.≈≈.≈≈≈..≈#
#≈.≈≈..≈..≈≈#
#≈..≈≈...≈≈≈#
#≈≈..≈≈≈≈≈≈.#
##≈≈$......8.#
#####++###K.#
..#


You could see a quasit and a kobold.

Vanquished Creatures (others)
  3 starspawn tentacles (Abyss:2)
3 creatures vanquished.

Notes
Turn   | Place    | Note
-------+----------+-------------------------------------------
     0 | Abyss:1  | Esekla the Deep Elf Abyssal Knight began the quest for the
                  | Orb.
     0 | Abyss:1  | Reached XP level 1. HP: 13/13 MP: 4/4
    74 | Abyss:2  | Found a corrupted altar of Lugonu.
    95 | Abyss:2  | Found a corrupted altar of Lugonu.
   126 | Abyss:2  | Noticed a large abomination
   127 | Abyss:2  | Noticed a tentacled starspawn
   133 | Abyss:2  | Noticed a quasit
   145 | D:1      | Escaped the Abyss
   149 | D:1      | Slain by a quasit

Levels and vault maps discovered:
D:1:      psy_arrival_whirlpool, layout_basic, minmay_crystal_water,
          minmay_worlds_worst_comb

Action                   || total
-------------------------++-------
Melee: Falchion          ||     3
Armor: Leather armour    ||     6
Dodge: Dodged            ||    19
       Rpst.: Falchion   ||     3

Table legend:
 A = Non-vault XP
 B = Vault XP
 C = Vault XP percentage of total XP
 D = Non-vault monster count
 E = Vault monster count
 F = Vault count percentage of total count
                 A         B        C        D         E       F
            +---------+---------+-------+---------+---------+-------
      Total |       0 |       0 |   N/A |       0 |       0 |  -nan
            +---------+---------+-------+---------+---------+-------
            +---------+---------+-------+---------+---------+-------
